 Dungeon Crawl Stone Soup version 0.18.1-48-g4cf74bf (webtiles) character file.

51 Crag the Insei (level 3, -1/31 HPs)
             Began as a Naga Transmuter on Sept 4, 2016.
             Slain by an adder (5 damage)
             ... on level 3 of the Dungeon.
             The game lasted 00:06:05 (1340 turns).

Crag the Insei (Naga Transmuter)                    Turns: 1340, Time: 00:06:06

Health: -1/31      AC:  2    Str: 12    XL:     3   Next: 81%
Magic:  6/6        EV:  9    Int: 11    God:
Gold:   61         SH:  0    Dex: 10    Spells: 1 memorised, 5 levels left

rFire  . . .     SeeInvis +       - Unarmed
rCold  . . .     Gourm    +     b - +0 robe
rNeg   . . .     Faith    .     (no shield)
rPois  +         Spirit   .     (no helmet)
rElec  .         Dismiss  .     (no cloak)
rCorr  .         Reflect  .     (no gloves)
SustAt .         Harm     .     (no barding)
MR     .....                    i - amulet of the gourmand
Stlth  +.........               (no ring)
                                (no ring)

@: appendage (expiring), very slow, not resistant to hostile enchantments, very
unstealthy
A: horns 2, stinger 1, see invisible, clumsy 1, deformed body, dopey 1, poison
resistance, slowness 2, slow metabolism 1, spit poison 2, AC +1
a: Spit Poison, End Transformation


You were on level 3 of the Dungeon.
You were full.
You had grown temporary horns.
You visited 1 branch of the dungeon, and saw 3 of its levels.

You collected 61 gold pieces.

Inventory:

Missiles
 a - 12 arrows
Armour
 b - a +0 robe (worn)
Jewellery
 i - an amulet of the gourmand (around neck)
Scrolls
 h - a scroll of remove curse
Potions
 e - 2 potions of curing
Books
 c - a book of Changes

   Spells                             Type                      Level
   a - Beastly Appendage              Transmutation                1
   b - Sticks to Snakes               Transmutation                2
   c - Spider Form                    Transmutation/Poison         3
   d - Ice Form                       Ice/Transmutation            4
   e - Blade Hands                    Transmutation                5
Comestibles
 d - a bread ration


   Skills:
 - Level 1.0 Fighting
 - Level 1.5 Dodging
 + Level 4.6 Unarmed Combat
 - Level 2.0 Spellcasting
 - Level 2.0 Transmutations


You had 5 spell levels left.
You knew the following spells:

 Your Spells              Type           Power        Failure   Level  Hunger
a - Beastly Appendage     Trmt           #.....       14%         1    ##.....


Dungeon Overview and Level Annotations

Branches:
Dungeon (3/15)

Altars:

Annotations:
D:2 Sigmund


Innate Abilities, Weirdness & Mutations

You cannot wear boots.
Your serpentine skin is tough (AC +1).
You have supernaturally acute eyesight.
Armour fits poorly on your strangely shaped body.
Your system is resistant to poisons.
You cover ground very slowly.
You have a slow metabolism.
You can spit poison.
You have a pair of horns on your head.
Your tail ends in a poisonous barb.
You are clumsy. (Dex -2)
You are dopey. (Int -2)


Message History

You closely miss the adder. Your headbutt misses the adder.
Your tail-slap misses the adder.
The adder bites you.
You closely miss the adder.
Your transformation is almost over.
The adder bites you but does no damage.
You closely miss the adder.
Your tail-slap misses the adder.
The adder bites you.
* * * LOW HITPOINT WARNING * * *
The adder barely misses you.
You closely miss the adder. The adder bites you but does no damage.
You closely miss the adder. Your headbutt misses the adder.
The adder closely misses you.
You hit the adder but do no damage. The adder barely misses you.
You hit the adder but do no damage. The adder barely misses you.
You closely miss the adder.
Your tail-slap misses the adder.
The adder bites you.
* * * LOW HITPOINT WARNING * * *
The adder closely misses you.
You closely miss the adder. Your punch misses the adder. The adder bites you.
You die...

#<# #.# #.# #.#
####.# ....#
#)S#
#.@#######.##.#
#...†..<.......
########.#.....
.# ### .# .# .#
.# .#


You could see an adder.

Vanquished Creatures
  2 adders
  A dart slug (D:1)
  An orc (D:3)
  6 bats
  A giant cockroach (D:1)
  3 goblins (D:1)
  3 hobgoblins (D:1)
  6 kobolds
  3 giant newts (D:1)
  5 rats (D:1)
31 creatures vanquished.

Notes
Turn   | Place    | Note
--------------------------------------------------------------
     0 | D:1      | Crag the Naga Transmuter began the quest for the Orb.
     0 | D:1      | Reached XP level 1. HP: 18/18 MP: 3/3
   197 | D:1      | Reached XP level 2. HP: 25/25 MP: 5/5
   650 | D:1      | Reached skill level 4 in Unarmed Combat
   812 | D:1      | Gained mutation: You are dopey. (Int -2) [potion of mutation]
   812 | D:1      | Gained mutation: You are clumsy. (Dex -2) [potion of mutation]
   812 | D:1      | Gained mutation: Your tail ends in a poisonous barb. [potion of mutation]
   840 | D:1      | Reached XP level 3. HP: 31/31 MP: 6/6
   873 | D:2      | Noticed Sigmund
  1340 | D:3      | Slain by an adder

Skill      XL: |  1  2 |
---------------+-------+-----
Unarmed Combat | 4 |  4.6
Fighting       | |  1.0
Dodging        | |  1.5
Spellcasting   | |  2.0
Transmutations | |  2.0

Action                   || total
-------------------------++-------
Melee: Unarmed           ||    51
       Headbutt          ||     2
       Tailslap          ||     2
       Punch             ||     1
 Cast: Beastly Appendage ||    11
 Abil: Spit Poison       ||    22
  Use: Scroll            ||     4
       Potion            ||     3
  Eat: Chunk             ||    13
Armor: Robe              ||    11
Dodge: Dodged            ||    32
